 Dungeon Crawl Stone Soup version 0.29-a0-483-g69413ace17 (webtiles) character file.

Game seed: 322315558133777242

2556 porpoise the Archer (level 9, -3/52 (72) HPs)
             Began as a Barachi Arcane Marksman on May 26, 2022.
             Slain by a wight
             ... wielding a +4 war axe
              (9 damage)
             ... on level 7 of the Dungeon.
             The game lasted 00:23:44 (7927 turns).

porpoise the Archer (Barachi Arcane Marksman)       Turns: 7927, Time: 00:23:45

HP:   -3/52 (72)    AC:  9    Str: 11    XL:     9   Next: 56%
MP:   13/13         EV: 11    Int: 14    God:
Gold: 373           SH:  0    Dex: 17    Spells: 13/14 levels left

rFire   + . .      SeeInvis .   a - +0 shortbow
rCold   . . .      Faith    .   (shield currently unavailable)
rNeg    . . .      Spirit   .   A - +0 ring mail
rPois   .          Reflect  .   t - +0 helmet
rElec   .          Harm     .   f - scarf {repulsion}
rCorr   +          Rampage  .   g - +0 pair of gloves
Will    .....                   p - +0 pair of boots
Stlth   +.........              (no amulet)
HPRegen 0.17/turn               v - ring of protection from fire
MPRegen 0.13/turn               y - ring of resist corrosion

@: mighty, about to teleport, studying Shields, very heavily drained, repel
missiles, slow
A: amphibious, slowness 1, strong legs 1, +LOS
a: Hop


You were on level 7 of the Dungeon.
You visited 1 branch of the dungeon, and saw 7 of its levels.

You collected 373 gold pieces.

Inventory:

Hand Weapons
 a - a +0 shortbow (weapon)
 b - a +3 whip of electrocution
 F - a +1 dagger of draining
 I - a +2 dire flail of freezing
Missiles
 i - 5 poisoned darts
 q - 6 javelins
 B - 6 boomerangs
Armour
 f - a scarf of repulsion (worn)
 g - a +0 pair of gloves (worn)
 p - a +0 pair of boots (worn)
 t - a +0 helmet (worn)
 A - a +0 ring mail (worn)
Jewellery
 v - a ring of protection from fire (left hand)
 x - an amulet of faith
 y - a ring of resist corrosion (right hand)
 z - a ring of flight
Wands
 e - a wand of paralysis (10)
 G - a wand of acid (9)
Scrolls
 c - a scroll of vulnerability
 h - a scroll of magic mapping
 k - a scroll of teleportation
 o - a scroll of enchant armour {unknown}
 r - 2 scrolls of identify
 s - a scroll of amnesia {unknown}
 E - 2 scrolls of fog {unknown}
 H - a scroll of enchant weapon {unknown}
Potions
 d - 2 potions of flight
 j - 4 potions of mutation
 l - 2 potions of brilliance
 m - a potion of ambrosia
 n - 2 potions of attraction
 w - 2 potions of resistance


   Skills:
 - Level 7.0 Fighting
 - Level 10.0 Bows
 + Level 3.9 Armour
 - Level 2.1 Dodging
 - Level 3.0 Spellcasting
 + Level 5.0 Hexes


You had 13 spell levels left.
You knew the following spells:

 Your Spells              Type           Power      Damage    Failure   Level
a - Slow                  Hex            64%        N/A       6%          1

Your spell library contained the following spells:

 Spells                   Type           Power      Damage    Failure   Level
 Confusing Touch          Hex            16%        N/A       19%         3
 Summon Small Mammal      Summ           8%         N/A       43%         1
 Dazzling Flash           Conj/Hex       18%        N/A       45%         3
 Inner Flame              Hex/Fire       9%         N/A       45%         3
 Portal Projectile        Hex/Tloc       18%        N/A       45%         3
 Cause Fear               Hex            8%         N/A       52%         4
 Ozocubu's Armour         Ice            2%         N/A       82%         3
 Vampiric Draining        Necr           2%         2d6       82%         3
 Animate Dead             Necr           2%         N/A       99%         4
 Silence                  Hex/Air        4%         N/A       99%         5
 Agony                    Necr           2%         N/A       100%        5
 Summon Forest            Summ/Tloc      1%         N/A       100%        5
 Haunt                    Necr/Summ      1%         N/A       100%        7
 Ozocubu's Refrigeration  Ice            1%         4d5       100%        7
 Infestation              Necr           1%         N/A       100%        8
 Summon Horrible Things   Summ           1%         N/A       100%        8


Dungeon Overview and Level Annotations

Branches:
Dungeon (7/15)             Temple (0/1) D:6

Altars:
Ashenzari
Dithmenos
Makhleb
Zin
The Shining One

Shops:
D:1 =(

Annotations:
D:3 Grinder


Innate Abilities, Weirdness & Mutations

You are amphibious.
You cover ground slowly.
You can hop short distances.
You have an extended range of vision and can be seen from far away.


Message History

You shoot an arrow. The arrow barely misses the wight.
You shoot an arrow.
The arrow hits the wight but does no damage.
The wight hits you with a +4 war axe!
You feel drained.
You shoot an arrow. The arrow barely misses the wight.
The wight hits you but does no damage.
You shoot an arrow.
The arrow hits the wight but does no damage.
The wight hits you with a +4 war axe!
You feel drained.
You shoot an arrow. The arrow closely misses the wight.
The wight hits you with a +4 war axe!
You shoot an arrow. The arrow hits the wight!
The wight is heavily damaged.
The wight closely misses you.
You shoot an arrow.
The arrow hits the wight but does no damage.
The wight is heavily damaged.
The wight hits you with a +4 war axe!
You feel drained.
* * * LOW HITPOINT WARNING * * *
You are too injured to fight recklessly!
Shoot: a) +0 shortbow
Press: ? - help, Q - select action, (/) - cycle Shift-Dir - straight line, f/p - wight
Aim: a wight, wielding a +4 war axe and wearing a +0 robe (heavily damaged, 68% to hit)
Okay, then.
Unknown command.
Okay, then.
As you read the scroll of teleportation, it crumbles to dust.
You feel strangely unstable. The wight hits you with a +4 war axe.
* * * LOW HITPOINT WARNING * * *
You feel better. The wight hits you with a +4 war axe!
* * * LOW HITPOINT WARNING * * *
You feel drained.
It was a potion of magic.
Magic courses through your body. The wight hits you with a +4 war axe.
* * * LOW HITPOINT WARNING * * *
You feel drained.
It was a potion of might.
You feel very mighty all of a sudden. The wight hits you with a +4 war axe!
You die...

## ###### #. #.##.##
#.####.....##
#.##...###.###
###...#### ##..####
#z@##.# ##.##.(
#....####.# #..##..
#... ##.######..##..
..... #.........#...
.... ### #.........#...
...
....###.######...... .#
..............##.....
..............<.......
.......................


You could see a wight.

Vanquished Creatures
  Sigmund (D:4)
  A wyvern (D:5)
  A yak (D:5)
  An orc warrior (D:7)
  An ice beast (D:6)
  2 black bears
  A centaur (D:6)
  An ogre (D:5)
  A phantom (D:7)
  3 necrophages (D:7)
  2 scorpions (D:6)
  9 wights (D:7)
  2 howler monkeys
  2 jellies (D:6)
  A gnoll shaman (D:7)
  3 hounds
  5 orc priests
  An iguana (D:5)
  Ijyb (D:4)
  4 orc wizards
  3 gnolls (D:7)
  6 adders
  A white imp (D:5)
  3 worms
  4 dart slugs
  19 orcs
  12 bats
  9 endoplasms
  6 giant cockroaches
  4 goblins
  6 hobgoblins
  7 jackals
  2 quokkas
  8 ball pythons
  2 frilled lizards
  2 kobolds (D:2)
  4 rats
141 creatures vanquished.

Vanquished Creatures (others)
  A plant (D:1)
  3 withered plants (D:7)
4 creatures vanquished.

Grand Total: 145 creatures vanquished

Notes
Turn   | Place    | Note
-------+----------+-------------------------------------------
     0 | D:1      | porpoise the Barachi Arcane Marksman began the quest for
                  | the Orb.
     0 | D:1      | Reached XP level 1. HP: 15/15 MP: 2/2
    86 | D:1      | Reached XP level 2. HP: 22/22 MP: 3/3
   185 | D:1      | Found a faded altar of an unknown god.
   213 | D:1      | Found Qeod's Jewellery Boutique.
   731 | D:1      | Found Gaipuvuf's Antique Weapon Emporium.
   827 | D:2      | Reached skill level 3 in Bows
   827 | D:2      | Reached XP level 3. HP: 27/27 MP: 4/4
  1022 | D:2      | Found a glowing golden altar of the Shining One.
  1431 | D:2      | Reached XP level 4. HP: 34/34 MP: 5/5
  1646 | D:3      | Reached skill level 4 in Bows
  1729 | D:3      | Found a broken altar of Ashenzari.
  1729 | D:3      | Found a burning altar of Makhleb.
  1949 | D:3      | Reached XP level 5. HP: 41/41 MP: 6/6
  2494 | D:4      | Noticed a black bear
  2503 | D:4      | Killed a black bear
  2504 | D:4      | Reached skill level 5 in Bows
  2504 | D:4      | Reached XP level 6. HP: 37/48 MP: 7/7
  2681 | D:4      | Noticed Grinder
  2690 | D:4      | Paralysed by Grinder for 2 turns
  2935 | D:4      | Paralysed by Grinder for 2 turns
  2954 | D:4      | Paralysed by Grinder for 2 turns
  2969 | D:4      | Paralysed by Grinder for 4 turns
  3272 | D:4      | Found a shadowy altar of Dithmenos.
  3641 | D:4      | Noticed Sigmund
  3657 | D:4      | Killed Sigmund
  3658 | D:4      | Reached skill level 6 in Bows
  3658 | D:4      | Reached XP level 7. HP: 36/55 MP: 8/8
  3887 | D:4      | Noticed Ijyb
  3890 | D:4      | Paralysed by Ijyb for 4 turns
  3898 | D:4      | Killed Ijyb
  3899 | D:4      | Reached skill level 5 in Fighting
  4014 | D:5      | Entered Level 5 of the Dungeon
  4030 | D:5      | Found a glowing silver altar of Zin.
  4110 | D:5      | Noticed a yak
  4137 | D:5      | Killed a yak
  4480 | D:5      | Reached skill level 7 in Bows
  4745 | D:5      | Noticed a wyvern
  4760 | D:5      | Killed a wyvern
  4761 | D:5      | Reached XP level 8. HP: 26/64 MP: 9/9
  5288 | D:6      | Reached skill level 8 in Bows
  5839 | D:6      | Reached skill level 9 in Bows
  5904 | D:6      | Found a staircase to the Ecumenical Temple.
  6356 | D:7      | Reached XP level 9. HP: 47/72 MP: 10/10
  6394 | D:7      | Reached skill level 10 in Bows
  6431 | D:7      | Reached skill level 1 in Armour
  7018 | D:7      | Got Dacvuro's Catalogue of the Supportive Voyage
  7732 | D:7      | Reached skill level 5 in Hexes
  7927 | D:7      | Slain by a wight

Illustrated notes

Levels and vault maps discovered:
D:1:      lightli_arrival_quake, layout_loops_corners, serial_shops,
          nicolae_shop_crystal, nicolae_shop_advertising_works
          [nicolae_subvault_shop_adworks], basic_ecumenical_altar,
          kennysheep_boxes
D:2:      layout_rooms, basic_altar
D:3:      layout_loops_ring, jmf_multi_god_temple
D:4:      layout_basic, mainiacjoe_overflow_alcove_1, minmay_vboxes, uniq_ijyb,
          uniq_sigmund, uniq_grinder
D:5:      layout_basic, mainiacjoe_overflow_brackets, minmay_manual_macuahuitl
D:6:      black_bear_nest_1, layout_rooms, minmay_temple_entry_from_below_a
D:7:      layout_layer_cave, serial_undead, serial_undead_d, serial_undead_f,
          serial_undead_a, serial_undead_b, kennysheep_pointless_box

Skill      XL: |  1  2  3  4  5  6  7  8  9 |
---------------+----------------------------+-----
Fighting       | 2 3 4 6 7 |  7.0
Bows           | 3 4 5 6 7 9 10 | 10.0
Armour         | 3 |  3.9
Spellcasting   | 3 |  3.0
Hexes          | 5 |  5.0
Dodging        | |  2.1

Action                   |  1- 3 |  4- 6 |  7- 9 || total
-------------------------+-------+-------+-------++-------
Melee: Unarmed           |       |     1 |       ||     1
       Dagger            |       |       |     9 ||     9
       Whip              |       |       |     7 ||     7
 Fire: Shortbow          |    97 |   203 |   330 ||   630
 Cast: Slow              |       |       |     1 ||     1
 Abil: Hop               |       |       |     5 ||     5
  Use: Scroll            |       |     7 |     9 ||    16
       Potion            |       |     1 |     5 ||     6
Armor: Robe              |    17 |       |       ||    17
       Leather armour    |       |    37 |       ||    37
       Ring mail         |       |     1 |    63 ||    64
       Skin              |       |     1 |       ||     1
Dodge: Dodged            |    31 |    94 |   102 ||   227
       Repelled          |       |     2 |     1 ||     3

Table legend: (Time is in decaauts)
 A = Elapsed time spent in this place.
 B = Non-inter-level travel time spent in this place.
 C = Inter-level travel time spent in this place.
 D = Time resting spent in this place.
 E = Time spent auto-exploring this place.
 F = Levels seen in this place.
 G = Mean time per level.
                   A        B        C        D        E       F      G
               +--------+--------+--------+--------+--------+-----+--------+
         Total |   8768 |   8629 |    139 |   3285 |   3946 |   7 | 1252.6 |
       Dungeon |   8768 |   8629 |    139 |   3285 |   3946 |   7 | 1252.6 |
               +--------+--------+--------+--------+--------+-----+--------+

Top non-repeatable levels by time:
     D:4: 1804 daAuts
     D:6: 1597 daAuts
     D:3: 1276 daAuts
     D:7: 1226 daAuts
     D:5: 1107 daAuts
     D:1: 984 daAuts
     D:2: 772 daAuts
